 Dungeon Crawl Stone Soup version 0.20.1-1-g8b1a95d (webtiles) character file.

142858 Inarius the Lord of Darkness (level 16, -1/116 HPs)
             Began as a Demonspawn Necromancer on July 21, 2017.
             Was the Champion of Kikubaaqudgha.
             Slain by an orc warrior
             ... wielding a +0 dire flail
             ... led by Saint Roka
              (27 damage)
             ... while paralysed by an orc sorcerer
             ... on level 2 of the Snake Pit on July 22, 2017.
             The game lasted 03:08:05 (33730 turns).

Inarius the Lord of Darkness (DsNe)                Turns: 33730, Time: 03:08:06

Health: -1/116     AC: 15    Str: 15    XL:     16   Next: 81%
Magic:  11/31      EV:  2    Int: 34    God:    Kikubaaqudgha [******]
Gold:   928        SH:  0    Dex: 15    Spells: 5/37 levels left

rFire    + + +     SeeInvis .   s - +7 demon blade "Aridishe" {flame, rF+++ Int+6}
rCold    . . .     Gourm    .   V - +2 shield {rF+}
rNeg     . . .     Faith    .   E - +4 ring mail {rF+}
rPois    +         Spirit   .   (helmet restricted)
rElec    .         Reflect  +   D - +2 cloak {rPois}
rCorr    .         Harm     .   A - +0 pair of gloves
MR       +....                  (boots unavailable)
Stlth    +.........             U - brooch of Shielding {Reflect SH+8}
Regen    2.3/turn               e - +6 ring of strength
MPRegen  0.3/turn               P - +4 ring of intelligence

@: paralysed, lethally poisoned (-1 -> -1), very slightly contaminated,
regenerating, studying Fighting
A: antennae 1, claws 1, hooves 3, large bone plates 2, clever 1, fire resistance
1, frail 1, powered by death 3, rot immunity
a: Receive Corpses, Torment, Brand Weapon With Pain, Receive Necronomicon,
Renounce Religion


You were on level 2 of the Snake Pit.
You worshipped Kikubaaqudgha.
Kikubaaqudgha was exalted by your worship.
You were very hungry.

You visited 5 branches of the dungeon, and saw 27 of its levels.
You also visited: Labyrinth and Volcano.

You collected 2851 gold pieces.
You spent 1923 gold pieces at shops.

Inventory:

Hand Weapons
 b - the +5 short sword "Voduoj" {flame, rN+}
   (You found it on level 14 of the Dungeon)

   It has been specially enchanted to burn those struck by it, causing extra
   injury to most foes and up to half again as much damage against particularly
   susceptible opponents.
   It protects you from negative energy.
 s - the +7 demon blade "Aridishe" (weapon) {flame, rF+++ Int+6}
   (You acquired it on level 2 of the Snake Pit)

   It has been specially enchanted to burn those struck by it, causing extra
   injury to most foes and up to half again as much damage against particularly
   susceptible opponents.
   Big, fiery blades are also staple armaments of hydra-hunters.
   It affects your intelligence (+6).
   It renders you almost immune to fire.
 y - the +7 Spriggan's Knife {MR+ EV+4 Dex+4 Stlth+}
   (You found it on level 2 of the Snake Pit)

   It affects your evasion (+4).
   It affects your dexterity (+4).
   It affects your resistance to hostile enchantments.
   It makes you more stealthy.
 H - the +5 dagger "Killer Klown's Doom" {pierce, rF+}
   (You found it on level 14 of the Dungeon)

   It inflicts extra damage upon your enemies.
   It protects you from fire.
 J - the +5 flail "Sege" {venom, +Rage rPois rC- Dex+3}
   (You found it on level 12 of the Dungeon)

   It poisons the flesh of those it strikes.
   It affects your dexterity (+3).
   It makes you vulnerable to cold.
   It protects you from poison.
   It lets you go berserk.
Armour
 A - a +0 pair of gloves (worn)
 D - a +2 cloak of poison resistance (worn)
 E - a +4 ring mail of fire resistance (worn)
 S - a +2 cloak of magic resistance
 V - a +2 shield of fire resistance (worn)
Jewellery
 d - the ring "Paxyovvi" {rElec rF++ Str-3 Dex+3}
   (You acquired it on level 11 of the Dungeon)

   [ring of dexterity]

   It affects your strength (-3).
   It affects your dexterity (+3).
   It greatly protects you from fire.
   It insulates you from electricity.
 e - a +6 ring of strength (left hand)
 t - an uncursed ring of positive energy
 u - an uncursed ring of ice
 x - the ring "Qolaic" {Fire Dex+2}
   (You found it on level 2 of the Lair of Beasts)

   [ring of fire]

   It enhances your fire magic.
   It affects your dexterity (+2).
   It protects you from fire.
   It makes you vulnerable to cold.
 L - an uncursed ring of resist corrosion
 P - a +4 ring of intelligence (right hand)
 U - the brooch of Shielding (around neck) {Reflect SH+8}
   (You found it on level 14 of the Dungeon)

   [amulet of reflection]

   It shields you and reflects attacks.
   It affects your SH (+8).
Wands
 B - a wand of iceblast (8/15)
 F - a wand of lightning (8/15)
 G - a wand of disintegration (10/24)
 N - a wand of digging (15/24)
 X - a wand of clouds (3/9)
Scrolls
 c - a scroll of magic mapping
 j - 6 scrolls of amnesia
 k - 5 scrolls of recharging
 o - a scroll of teleportation
 v - a scroll of summoning
 w - 8 scrolls of remove curse
 I - 2 scrolls of identify
 Q - a scroll of fear
 T - 2 scrolls of fog
Potions
 a - 5 potions of brilliance
 f - 6 potions of agility
 i - 2 potions of might
 l - 9 potions of curing
 p - 2 potions of flight
 q - 4 potions of berserk rage
 r - 4 potions of haste
 M - a potion of cancellation
 O - 2 potions of invisibility
 R - a potion of mutation
 W - 2 potions of resistance
Books
 K - Kikubaaqudgha's Guide on Evil Rites
   (Kikubaaqudgha gifted it to you on level 9 of the Dungeon)

   Spells                             Type                      Level
   a - Animate Dead                   Necromancy                   4
   b - Excruciating Wounds            Charms/Necromancy            5
   c - Bolt of Draining               Conjuration/Necromancy       5
   d - Agony                          Necromancy                   5
   e - Dispel Undead                  Necromancy                   5
 Y - a manual of Fighting
 Z - a Necronomicon

   Spells                             Type                      Level
   a - Haunt                          Necromancy/Summoning         7
   b - Borgnjor's Revivification      Necromancy                   8
   c - Death's Door                   Charms/Necromancy            8
   d - Infestation                    Necromancy                   8
   e - Necromutation                  Transmutation/Necromancy     8
Miscellaneous
 h - a box of beasts
 C - a crystal ball of energy
Comestibles
 g - 8 meat rations
 m - 7 fruits
 z - 22 royal jellies


   Skills:
 * Level 12.9 Fighting
 - Level 0.1(0.9) Short Blades
 + Level 1.4 Long Blades
   Level 3.1 Staves
 + Level 8.9 Armour
 + Level 7.3 Dodging
 - Level 1.7 Stealth
 - Level 5.0 Shields
 + Level 11.0 Spellcasting
 + Level 8.3 Conjurations
 + Level 3.3 Charms
 * Level 19.9 Necromancy
 * Level 5.7 Evocations


You had 5 spell levels left.
You knew the following spells:

 Your Spells              Type           Power        Failure   Level  Hunger
a - Bolt of Draining      Conj/Necr      #######...   1%          5    ##.....
b - Animate Skeleton      Necr           N/A          0%          1    None
c - Vampiric Draining     Necr           ########..   0%          3    None
d - Regeneration          Chrm/Necr      #######...   1%          3    None
e - Animate Dead          Necr           N/A          1%          4    None
f - Control Undead        Necr           ########..   1%          4    None
g - Agony                 Necr           ########     1%          5    ##.....
h - Dispel Undead         Necr           ########     1%          5    ##.....
i - Sublimation of Blood  Necr           ########..   0%          2    None


Dungeon Overview and Level Annotations

Branches:
Dungeon (15/15)            Temple (1/1) D:4            Lair (6/6) D:9
 Shoals (0/4) Lair:3        Snake (3/4) Lair:4        Slime (0/5) Lair:6
    Orc (2/2) D:10            Elf (0/3) Orc:2        Vaults (0/5) D:14
 Depths (0/5) D:15

Altars:
Ashenzari
Cheibriados
Dithmenos
Elyvilon
Fedhas
Gozag
Hepliaklqana
Kikubaaqudgha
Makhleb
Nemelex Xobeh
Okawaru
Qazlal
Ru
Sif Muna
Trog
Uskayaw
Vehumet
Xom
Yredelemnul
Zin
The Shining One

Shops:
D:12 *(   Orc:2 [*?

Annotations:
Snake:3 Saint Roka


Innate Abilities, Weirdness & Mutations

You have hooves in place of feet.
You are mostly covered in large bone plates. (SH +6)
You regenerate a lot of health from kills.
You are immune to rotting.
You have a pair of small antennae on your head.
You have sharp fingernails.
Your mind is acute. (Int +2)
Your flesh is heat resistant. (rF+)
You are frail. (-10% HP)


Message History

The orc sorcerer hits you but does no damage.
The orc hits you but does no damage.
The orc warrior hits you with a dire flail.
The orc warrior barely misses you. The troll bites you but does no damage.
The troll claws you. The troll claws you but does no damage.
The orc warrior hits you with a dire flail!
The orc sorcerer hits you but does no damage.
You feel sick.
The orc no longer looks unusually strong.
The orc warrior hits you but does no damage.
The orc hits you but does no damage. The troll bites you but does no damage.
The troll claws you but does no damage. x2
The orc warrior hits you with a glaive!
* * * LOW HITPOINT WARNING * * *
The orc sorcerer hits you but does no damage.
The orc warrior hits you with a dire flail.
* * * LOW HITPOINT WARNING * * *
The orc warrior hits you with a dire flail!!
You die...
Kikubaaqudgha rasps: "You have failed me!
Welcome... death!"

......## ##.####....#
.......###.####.....##
.....#....####.......#
..##...##..##........##
.##...#####...........#
.##...######..........#
.........###..........#
..........##(..o.o....#
...........#...)@T)..##
...........##..ooo..##
...........##.....###
...........####.###
................##
.)........######.###
.........##..# #...##
........##...###....#
......#.#.....###...#


You could see a troll, an orc sorcerer, 3 orc warriors and an orc.

Vanquished Creatures
  Rupert (D:13)
  The ghost of Oddysee the Fighter, a journeyman DrBe of Trog (D:14)
  A fire dragon (Volcano)
  Harold (Orc:1)
  Fannar (Orc:1)
  A rakshasa (D:15)
  8 vault guards
  5 naga warriors (Snake:1)
  2 anacondas (Snake:1)
  2 hydras
  Erica (D:10)
  3 centaur warriors
  4 tengu warriors
  2 death yaks (Lair:4)
  A satyr (shapeshifter) (D:15)
  3 naga sharpshooters
  10 two-headed ogres
  5 orc high priests
  A shock serpent (Snake:2)
  Sonja (D:12)
  A deep elf knight (D:13)
  11 skeletal warriors
  2 unseen horrors (D:15)
  Pikel (D:7)
  A lindwurm (Lair:6)
  A deep elf mage (D:13)
  A necromancer (Lair:3)
  2 deep elf archers (D:13)
  5 mana vipers
  4 naga ritualists
  10 orc knights
  23 ugly things
  3 cyclopes
  A wolf spider (shapeshifter) (D:15)
  2 orc sorcerers (Orc:1)
  2 manticores
  4 elephants
  7 salamanders
  2 guardian serpents
  7 naga magi
  21 black mambas
  11 spiny frogs
  4 molten gargoyles
  2 gargoyles
  Psyche (D:11)
  A torpor snail (Lair:4)
  2 rime drakes
  3 efreet
  6 komodo dragons
  5 kobold demonologists
  7 trolls
  A redback zombie (D:15)
  A polar bear (Lair:4)
  6 slime creatures
  A queen bee (Lair:1)
  3 hornets
  A dream sheep (shapeshifter) (D:13)
  A meliai zombie (D:13)
  5 blink frogs (Lair:4)
  9 hippogriffs
  4 shadows
  2 redbacks (Lair:5)
  3 fire bats (Volcano)
  32 yaks
  2 wraiths
  12 wyverns
  A hungry ghost (D:15)
  A golden eye (shapeshifter) (D:10)
  2 basilisks
  Eustachio (D:4)
  A steam dragon (Volcano)
  6 vampire mosquitoes
  2 acid dragons
  20 nagas
  9 water moccasins
  4 porcupines
  A floating eye (D:15)
  2 ice beasts
  3 eyes of draining
  29 orc warriors
  An ogre (shapeshifter) (D:13)
  3 sky beasts
  3 slaves (D:7)
  A phantom (D:8)
  12 ogres
  9 boggarts
  10 centaurs
  8 crocodiles
  7 big kobolds
  24 bullfrogs
  3 scorpions
  A wyvern skeleton (D:13)
  13 killer bees
  5 wights
  11 crimson imps
  A lava snake (D:11)
  2 quasits
  15 hounds
  5 centaur zombies
  24 orc priests
  Crazy Yiuf (D:6)
  2 jellies
  A bullfrog zombie (D:13)
  7 centaur skeletons
  3 bullfrog skeletons
  3 iguanas
  20 orc wizards
  3 polar bear simulacra (Lair:3)
  15 worker ants
  2 yak simulacra (Lair:3)
  A killer bee zombie (D:5)
  2 wolf simulacra (Lair:3)
  4 hound skeletons
  A worker ant zombie (D:10)
  2 gnolls (D:6)
  A river rat (Lair:6)
  16 adders
  A shadow imp (D:15)
  3 oozes
  An adder skeleton (D:7)
  A worm (shapeshifter) (D:15)
  3 worms
  6 leopard geckos
  66 orcs
  6 giant cockroaches
  3 goblins
  4 hobgoblins (D:2)
  8 jackals
  26 kobolds
  2 quokkas
  2 ball pythons
  5 bats
  5 frilled lizards
  A jackal skeleton (D:7)
  A quokka zombie (D:7)
  8 rats
  2 plants
768 creatures vanquished.

Vanquished Creatures (collateral kills)
  A minotaur (Lab)
  2 naga warriors (Snake:2)
  A hydra (Lair:1)
  A catoblepas (D:15)
  2 anacondas (Snake:2)
  A death yak (Lair:4)
  The ghost of gobwax the Basher, a novice MiFi of Okawaru (D:8)
  2 two-headed ogres
  Urug (Lair:5)
  A deep elf knight (D:13)
  An orc knight (Orc:2)
  A deep elf mage (D:13)
  5 ugly things
  3 mana vipers (Snake:2)
  A salamander (Volcano)
  A wolf spider (Lair:6)
  2 elephants (Lair:3)
  10 black mambas
  4 spiny frogs
  A rime drake (Lair:3)
  2 trolls
  2 hornets
  3 blink frogs (Lair:5)
  3 dream sheep (Lair:4)
  A slime creature (D:15)
  A hippogriff (D:13)
  A redback (Lair:6)
  6 yaks
  4 wyverns
  3 fire bats (Volcano)
  3 basilisks
  2 steam dragons (Volcano)
  A naga (Snake:1)
  10 water moccasins
  A porcupine (Lair:3)
  5 orc warriors
  3 phantoms
  2 ogres
  A necrophage (D:15)
  4 crocodiles
  4 bullfrogs
  A wyvern skeleton (D:9)
  11 killer bees
  2 wights (D:9)
  2 crimson imps
  3 jellies
  A hound (D:10)
  5 orc priests
  An orc wizard (D:13)
  2 iguanas
  A polar bear simulacrum (Lair:3)
  A yak simulacrum (Lair:3)
  2 wolf simulacra (Lair:3)
  A gnoll (D:6)
  A river rat (Lair:6)
  2 adders
  A shadow imp (D:14)
  2 oozes (Lair:6)
  A leopard gecko (D:6)
  6 orcs
  A giant cockroach (D:8)
  A goblin (D:1)
  A hobgoblin (D:1)
  2 quokkas
  A frilled lizard (D:1)
  A kobold (D:14)
  A rat (D:1)
  6 fungi
  9 plants
173 creatures vanquished.

Vanquished Creatures (others)
  A nagaraja (Snake:2)
  A naga sharpshooter (Snake:2)
  An unseen horror (D:11)
  A salamander (Snake:2)
  A centaur simulacrum (D:15)
  A floating eye (D:15)
  A slave (D:7)
  A jelly (D:15)
  An orc priest (Snake:2)
  A worm (shapeshifter) (D:15)
  An orc (Snake:3)
  3 kobolds (D:14)
  9 fungi
  10 plants
33 creatures vanquished.

Grand Total: 974 creatures vanquished

Notes
Turn   | Place    | Note
-------+----------+-------------------------------------------
     0 | D:1      | Inarius the Demonspawn Necromancer began the quest for the Orb.
     0 | D:1      | Reached XP level 1. HP: 13/13 MP: 3/3
    79 | D:1      | Learned a level 1 spell: Animate Skeleton
   371 | D:1      | Gained mutation: You regenerate a little health from kills. [demonic ancestry]
   371 | D:1      | Reached XP level 2. HP: 19/20 MP: 0/5
   719 | D:2      | Reached skill level 5 in Necromancy
   719 | D:2      | Reached XP level 3. HP: 20/25 MP: 4/6
   994 | D:2      | Reached skill level 1 in Armour
  1049 | D:2      | Reached skill level 1 in Fighting
  1054 | D:2      | Learned a level 3 spell: Vampiric Draining
  1522 | D:2      | Reached XP level 4. HP: 31/32 MP: 4/7
  2051 | D:3      | Found a bloodstained altar of Trog.
  2072 | D:3      | Gained mutation: You are immune to rotting. [demonic ancestry]
  2072 | D:3      | Reached XP level 5. HP: 37/37 MP: 8/8
  2442 | D:4      | Reached skill level 6 in Necromancy
  2811 | D:4      | Found a staircase to the Ecumenical Temple.
  2920 | Temple   | Entered the Ecumenical Temple
  2961 | Temple   | Became a worshipper of Kikubaaqudgha
  3025 | D:4      | Learned a level 3 spell: Regeneration
  3053 | D:4      | Gained mutation: You regenerate health from kills. [demonic ancestry]
  3053 | D:4      | Reached XP level 6. HP: 38/44 MP: 6/10
  3547 | D:4      | Reached skill level 7 in Necromancy
  3617 | D:4      | Gained mutation: You regenerate a lot of health from kills. [demonic ancestry]
  3617 | D:4      | Reached XP level 7. HP: 50/50 MP: 12/12
  3716 | D:4      | Learned a level 4 spell: Animate Dead
  3812 | D:5      | Entered Level 5 of the Dungeon
  3812 | D:5      | Noticed Eustachio
  3840 | D:4      | Killed Eustachio
  4282 | D:5      | Found a hazy altar of Hepliaklqana.
  4370 | D:5      | Reached * piety under Kikubaaqudgha
  4370 | D:5      | Identified Kikubaaqudgha's Tome of Evil Rites (Kikubaaqudgha gifted it to you on level 5 of the Dungeon)
  4370 | D:5      | Received a gift from Kikubaaqudgha
  4482 | D:5      | Reached XP level 8. HP: 45/57 MP: 8/14
  4557 | D:5      | Reached skill level 8 in Necromancy
  5197 | D:6      | Found a runed door.
  5201 | D:6      | Noticed Crazy Yiuf
  5208 | D:6      | Killed Crazy Yiuf
  5456 | D:7      | Reached ** piety under Kikubaaqudgha
  5509 | D:7      | Noticed Pikel
  5530 | D:7      | Killed Pikel
  5530 | D:7      | Reached skill level 1 in Staves
  5530 | D:7      | Reached skill level 5 in Spellcasting
  5530 | D:7      | Reached skill level 9 in Necromancy
  5530 | D:7      | Gained mutation: You are partially covered in large bone plates. (SH +4) [demonic ancestry]
  5530 | D:7      | Reached XP level 9. HP: 55/65 MP: 13/16
  5566 | D:7      | Reached skill level 1 in Charms
  5600 | D:7      | Found a glowing silver altar of Zin.
  5600 | D:7      | Found an opulent altar of Gozag.
  5735 | D:7      | You fall through a shaft for 3 floors!
  5735 | D:10     | Entered Level 10 of the Dungeon
  5893 | D:10     | Reached skill level 5 in Armour
  5900 | D:9      | Reached skill level 10 in Necromancy
  5908 | D:8      | Noticed a two-headed ogre
  5980 | D:7      | Found a basalt altar of Yredelemnul.
  6196 | D:7      | Learned a level 4 spell: Control Undead
  6252 | D:8      | Reached skill level 5 in Fighting
  6310 | D:8      | You fall through a shaft for 3 floors!
  6357 | D:11     | Noticed a molten gargoyle
  6391 | D:10     | Noticed a troll
  6391 | D:10     | a shapeshifter changed into a troll
  6394 | D:10     | a troll changed into a golden eye
  6624 | D:10     | Reached XP level 10. HP: 68/76 MP: 16/19
  6712 | D:9      | Reached *** piety under Kikubaaqudgha
  6712 | D:9      | Identified Kikubaaqudgha's Guide on Evil Rites (Kikubaaqudgha gifted it to you on level 9 of the Dungeon)
  6712 | D:9      | Received a gift from Kikubaaqudgha
  6792 | D:9      | Learned a level 5 spell: Agony
  6815 | D:8      | Killed a two-headed ogre
  6829 | D:8      | Reached skill level 1 in Shields
  6883 | D:8      | Noticed a two-headed ogre
  6889 | D:8      | Killed a two-headed ogre
  6986 | D:8      | Noticed gobwax's ghost (novice MiFi)
  6994 | D:8      | Killed gobwax's ghost
  6994 | D:8      | Reached skill level 11 in Necromancy
  7195 | D:8      | Found a hide-covered altar of Uskayaw.
  7475 | D:9      | Reached **** piety under Kikubaaqudgha
  7712 | D:9      | Found a staircase to the Lair.
  7753 | D:9      | Gained mutation: You have sharp fingernails. [mutagenic meat]
  7754 | D:9      | Gained mutation: You are frail. (-10% HP) [mutagenic meat]
  7755 | D:9      | Gained mutation: Your system is resistant to poisons. (rPois) [mutagenic meat]
  7756 | D:9      | Gained mutation: You expend magic power (3 MP) to strengthen your wands. [mutagenic meat]
  7757 | D:9      | Gained mutation: Your magical capacity is low. (-10% MP) [mutagenic meat]
  7758 | D:9      | Lost mutation: You expend magic power (3 MP) to strengthen your wands. [potion of mutation]
  7758 | D:9      | Lost mutation: You are frail. (-10% HP) [potion of mutation]
  7758 | D:9      | Gained mutation: You have a pair of small horns on your head. [potion of mutation]
  7758 | D:9      | Gained mutation: You tend to lose your temper in combat. [potion of mutation]
  7758 | D:9      | Gained mutation: You have sharp toenails. [potion of mutation]
  7759 | D:9      | Lost mutation: Your magical capacity is low. (-10% MP) [potion of mutation]
  7759 | D:9      | Lost mutation: You tend to lose your temper in combat. [potion of mutation]
  7759 | D:9      | Gained mutation: Scrolls take you a little longer to read. [potion of mutation]
  7759 | D:9      | Gained mutation: You are somewhat resistant to further mutation. [potion of mutation]
  7760 | D:9      | Lost mutation: Scrolls take you a little longer to read. [potion of mutation]
  7760 | D:9      | Lost mutation: You have sharp toenails. [potion of mutation]
  7760 | D:9      | Lost mutation: You have a pair of small horns on your head. [potion of mutation]
  7760 | D:9      | Lost mutation: You have sharp fingernails. [potion of mutation]
  7760 | D:9      | Lost mutation: You are somewhat resistant to further mutation. [potion of mutation]
  7760 | D:9      | Gained mutation: Scrolls take you a little longer to read. [potion of mutation]
  7760 | D:9      | Gained mutation: Your mind is acute. (Int +2) [potion of mutation]
  7761 | D:9      | Lost mutation: Your system is resistant to poisons. (rPois) [potion of mutation]
  7761 | D:9      | Lost mutation: Your mind is acute. (Int +2) [potion of mutation]
  7761 | D:9      | Lost mutation: Scrolls take you a little longer to read. [potion of mutation]
  7761 | D:9      | Gained mutation: You have sharp fingernails. [potion of mutation]
  7761 | D:9      | Gained mutation: Your flesh is heat resistant. (rF+) [potion of mutation]
  7761 | D:9      | Gained mutation: You have a pair of small antennae on your head. [potion of mutation]
  7918 | D:9      | You fall through a shaft for 3 floors!
  8222 | D:11     | Noticed Psyche
  8236 | D:10     | Killed a molten gargoyle
  8298 | D:10     | Reached XP level 11. HP: 80/83 MP: 21/21
  8370 | D:10     | Noticed an orc knight
  8401 | D:10     | Killed an orc knight
  8442 | D:10     | Found a staircase to the Orcish Mines.
  8775 | D:10     | Noticed Erica
  8783 | D:10     | Killed Erica
  8841 | D:10     | Reached ***** piety under Kikubaaqudgha
  9038 | D:11     | Reached skill level 1 in Evocations
  9111 | D:11     | Identified a scroll of acquirement
  9114 | D:11     | Got a scorched iron ring
  9116 | D:11     | Identified the ring "Paxyovvi" {rElec rF++ Str-3 Dex+3} (You acquired it on level 11 of the Dungeon)
  9176 | D:11     | Killed Psyche
  9176 | D:11     | Reached skill level 12 in Necromancy
  9331 | D:11     | Killed an unseen horror
  9419 | D:11     | Noticed a two-headed ogre
  9426 | D:11     | Killed a two-headed ogre
  9718 | D:11     | Identified the Compendium of Ashen Transmigration
  9912 | D:12     | Noticed a two-headed ogre
  9923 | D:11     | Killed a two-headed ogre
 10050 | D:12     | Got a slimy flail
 10158 | D:12     | Found Geor's Assorted Antiques.
 10161 | D:12     | Gained mutation: You are mostly covered in large bone plates. (SH +6) [mutagenic meat]
 10162 | D:12     | Gained mutation: Your mind is acute. (Int +2) [mutagenic meat]
 10372 | D:12     | Found Yhoigac's Weapon Shoppe.
 10430 | D:12     | Learned a level 5 spell: Dispel Undead
 10473 | D:12     | Noticed Sonja
 10979 | Lair:1   | Entered Level 1 of the Lair of Beasts
 11002 | Lair:1   | Gained mutation: You have large cloven feet. [demonic ancestry]
 11002 | Lair:1   | Reached XP level 12. HP: 78/92 MP: 12/24
 11003 | Lair:1   | Identified the +5 flail "Sege" {venom, +Rage rPois rC- Dex+3} (You found it on level 12 of the Dungeon)
 11698 | Lair:2   | Found a labyrinth entrance.
 11707 | Lab      | Entered a labyrinth
 12940 | Lab      | Noticed a minotaur
 12950 | Lab      | Killed a minotaur
 13152 | Lair:2   | Got a steaming iron ring
 13156 | Lair:2   | Identified the ring "Qolaic" {Fire Dex+2} (You found it on level 2 of the Lair of Beasts)
 13432 | Lair:2   | Reached skill level 13 in Necromancy
 14183 | Lair:3   | Found a staircase to the Shoals.
 14411 | Lair:3   | Found a dark tunnel.
 14429 | Volcano  | Entered a volcano
 14518 | Volcano  | Noticed a two-headed ogre
 14524 | Volcano  | Killed a two-headed ogre
 14554 | Volcano  | Noticed a two-headed ogre
 14562 | Volcano  | Killed a two-headed ogre
 14873 | Volcano  | Noticed a fire dragon
 14876 | Volcano  | Noticed a two-headed ogre
 14883 | Volcano  | Killed a fire dragon
 14883 | Volcano  | Reached skill level 14 in Necromancy
 14886 | Volcano  | Killed a two-headed ogre
 14886 | Volcano  | Reached skill level 5 in Shields
 15392 | Lair:3   | Noticed an eight-headed hydra
 15398 | Lair:3   | Killed an eight-headed hydra
 15398 | Lair:3   | Reached ****** piety under Kikubaaqudgha
 15722 | Lair:3   | Gained mutation: You have hoof-like feet. [demonic ancestry]
 15722 | Lair:3   | Reached XP level 13. HP: 101/101 MP: 24/26
 15993 | Lair:4   | Learned a level 5 spell: Bolt of Draining
 16069 | Lair:4   | Reached skill level 1 in Conjurations
 16255 | Lair:4   | Found a staircase to the Snake Pit.
 17345 | Lair:5   | Noticed Urug
 17352 | Lair:5   | Killed Urug
 17540 | Lair:4   | Reached skill level 5 in Dodging
 17540 | Lair:4   | Reached skill level 15 in Necromancy
 17796 | Lair:6   | Entered Level 6 of the Lair of Beasts
 17972 | Lair:6   | Found a staircase to the Slime Pits.
 18117 | Lair:6   | Reached skill level 10 in Spellcasting
 18213 | Lair:6   | Reached skill level 10 in Fighting
 18721 | Lair:6   | Learned a level 2 spell: Sublimation of Blood
 18750 | Lair:6   | Got a fine robe
 18753 | Lair:6   | Identified the +1 robe of the Invisible Hand {MR++ Regen+ Str-5 Int+3} (You found it on level 6 of the Lair of Beasts)
 19113 | Lair:6   | Reached XP level 14. HP: 93/110 MP: 28/28
 21518 | D:13     | Reached skill level 16 in Necromancy
 21840 | D:14     | Reached skill level 5 in Conjurations
 22033 | D:14     | Noticed Rupert
 22041 | D:14     | Paralysed by Rupert for 4 turns
 22061 | D:13     | Killed Rupert
 22971 | D:14     | Got a bloodstained short sword
 22974 | D:14     | Identified the +5 short sword "Voduoj" {flame, rN+} (You found it on level 14 of the Dungeon)
 23303 | D:14     | Mutation became permanent: You are partially covered in large bone plates. (SH +4) [demonic ancestry]
 23303 | D:14     | Gained mutation: You are mostly covered in large bone plates. (SH +6) [demonic ancestry]
 23303 | D:14     | Reached XP level 15. HP: 118/118 MP: 14/30
 23446 | D:14     | Found a gate to the Vaults.
 23580 | D:14     | Noticed Oddysee's ghost (journeyman DrBe)
 23584 | D:14     | Killed Oddysee's ghost
 23733 | D:14     | Paralysed by a hornet for 3 turns
 23749 | D:14     | Reached skill level 17 in Necromancy
 24385 | D:14     | Got a shimmering dagger
 24387 | D:14     | Identified the +5 dagger "Killer Klown's Doom" {pierce, rF+} (You found it on level 14 of the Dungeon)
 24635 | D:12     | Killed Sonja
 24717 | Orc:1    | Entered Level 1 of the Orcish Mines
 24905 | Orc:2    | Entered Level 2 of the Orcish Mines
 24944 | Orc:1    | Noticed Harold
 24946 | Orc:1    | Noticed Fannar
 25013 | Orc:1    | Killed Fannar
 25037 | Orc:1    | Killed Harold
 26775 | Orc:2    | Reached skill level 18 in Necromancy
 26780 | Orc:2    | Found Ovvy's Book Shoppe.
 26780 | Orc:2    | Found Asek's Magic Scroll Shoppe.
 26781 | Orc:2    | Found Lammelaoju's Armour Shoppe.
 26781 | Orc:2    | Found Coniu's General Store.
 26796 | Orc:2    | Bought a +4 ring mail of fire resistance for 434 gold pieces
 26812 | Orc:2    | Bought a manual of Fighting for 1214 gold pieces
 26822 | Orc:2    | Bought a scroll of identify for 22 gold pieces
 26822 | Orc:2    | Bought a scroll of identify for 22 gold pieces
 26993 | Orc:2    | Found a staircase to the Elven Halls.
 27303 | Orc:1    | Gained mutation: You are frail. (-10% HP) [a neqoxec]
 27439 | D:15     | Entered Level 15 of the Dungeon
 28545 | D:15     | Paralysed by a floating eye for 3 turns
 28784 | D:15     | Gained mutation: You have hooves in place of feet. [demonic ancestry]
 28784 | D:15     | Reached XP level 16. HP: 114/114 MP: 3/31
 29258 | D:15     | Found a staircase to the Depths.
 29618 | Snake:1  | Entered Level 1 of the Snake Pit
 29858 | Orc:2    | Bought a +1 cloak of magic resistance for 231 gold pieces
 30255 | Snake:1  | Reached skill level 19 in Necromancy
 31331 | Snake:1  | Reached skill level 5 in Evocations
 32104 | Snake:2  | You fall through a shaft!
 32837 | Snake:2  | Got a transparent demon blade
 32839 | Snake:2  | Identified the +7 demon blade "Aridishe" {flame, rF+++ Int+6} (You acquired it on level 2 of the Snake Pit)
 33243 | Snake:2  | Reached skill level 1 in Long Blades
 33712 | Snake:3  | Noticed Saint Roka
 33726 | Snake:2  | Paralysed by an orc sorcerer for 7 turns
 33730 | Snake:2  | Slain by an orc warrior

Skill      XL: |  1  2  3  4  5  6  7  8  9 10 11 12 13 14 15 16 |
---------------+-------------------------------------------------+-----
Necromancy     | 5 6 7 9 10 11 12 14 15 16 18 19 | 19.9
Armour         | 1 2 3 4 5 7 8 |  8.9
Fighting       | 1 2 3 5 6 7 9 10 11 12 | 12.9
Spellcasting   | 3 4 5 6 7 8 9 10 11 | 11.0
Dodging        | 2 3 4 5 6 7 |  7.3
Staves         | 1 2 3 |  3.1
Charms         | 1 2 3 |  3.3
Shields        | 2 3 5 |  5.0
Evocations     | 3 4 5 |  5.7
Conjurations   | 4 6 7 8 |  8.3
Long Blades    | 1 |  1.4
Short Blades   | |  0.1
Stealth        | |  1.7

Action                   |  1- 3 |  4- 6 |  7- 9 | 10-12 | 13-15 | 16-18 || total
-------------------------+-------+-------+-------+-------+-------+-------++-------
Melee: Mace              |    10 |       |       |       |       |       ||    10
       Unarmed           |     2 |       |       |       |       |       ||     2
       Dagger            |    35 |   111 |       |       |       |       ||   146
       Whip              |       |    65 |   140 |       |       |       ||   205
       Quarterstaff      |       |       |   189 |   247 |       |       ||   436
       Lajatang          |       |       |       |   253 |       |       ||   253
       Flail             |       |       |       |   217 |  1255 |   201 ||  1673
       Kick              |       |       |       |       |       |    87 ||    87
       Demon blade       |       |       |       |       |       |    40 ||    40
       Knife             |       |       |       |       |       |    12 ||    12
 Cast: Pain              |    26 |    37 |    50 |    11 |       |       ||   124
       Animate Skeleton  |    17 |    24 |    14 |    35 |    46 |    13 ||   149
       Vampiric Draining |       |     2 |    12 |    26 |    22 |     4 ||    66
       Regeneration      |       |     1 |     6 |    19 |    48 |    17 ||    91
       Animate Dead      |       |       |     9 |    33 |    71 |    24 ||   137
       Control Undead    |       |       |     2 |     2 |     2 |       ||     6
       Agony             |       |       |       |    50 |    28 |       ||    78
       Bolt of Draining  |       |       |       |       |   165 |   101 ||   266
       Sublimation of Bl |       |       |       |       |    28 |    10 ||    38
       Dispel Undead     |       |       |       |       |    41 |     2 ||    43
Invok: Receive Corpses   |       |       |       |     1 |       |       ||     1
Evoke: Wand              |       |       |       |       |     3 |       ||     3
  Use: Scroll            |     5 |     6 |    13 |    17 |    16 |     8 ||    65
       Potion            |       |       |       |     7 |     7 |     2 ||    16
 Stab: Sleeping          |     3 |     2 |       |       |       |       ||     5
       Distracted        |       |     1 |     1 |     2 |     6 |     5 ||    15
       Confused          |       |       |     1 |       |       |       ||     1
       Paralysed         |       |       |     2 |       |       |       ||     2
       Petrified         |       |       |       |       |     1 |       ||     1
  Eat: Chunk             |     3 |     7 |    13 |    28 |    42 |     8 ||   101
       Bread ration      |       |       |       |     5 |     7 |     3 ||    15
       Fruit             |       |       |       |     3 |       |     6 ||     9
Armor: Leather armour    |     6 |       |       |       |       |       ||     6
       Ring mail         |     1 |    30 |       |       |    79 |    74 ||   184
       Scale mail        |       |    38 |   154 |   371 |   331 |       ||   894
Dodge: Dodged            |    30 |   100 |   155 |   333 |   353 |   103 ||  1074
Block: Other             |       |       |    40 |   230 |       |       ||   270
       Reflection        |       |       |     3 |     6 |    58 |    51 ||   118
       Shield            |       |       |       |   258 |  1613 |   458 ||  2329
       Rpst.: Demon blade |       |       |       |       |       |     5 ||     5
